PBL
ROSWELL INVADERS @ PORTLAND ANGELS
05/27/2047
 
TOP OF THE 1ST
Roswell Invaders batting - Pitching for Portland Angels : RHP Hector Agudelo
Pitching: RHP Hector Agudelo
Batting: RHB Mike Smith 0-0: Called Strike
0-1: Called Strike
0-2: Ball
1-2: Ground out 5-3 (Groundball, 56, EV 106.2 MPH)
Batting: LHB Angelo Lira 0-0: Ball
1-0: Called Strike
1-1: Ball
2-1: Ball
3-1: Foul Ball, location: 2F
3-2: Base on Balls
Batting: LHB Ivan Cortez 0-0: Called Strike
0-1: Ball
1-1: Ball
2-1: Ball
3-1: Called Strike
3-2: Strikes out looking
Batting: RHB Homer Petropoulos 0-0: DOUBLE (Line Drive, 89D, EV 96.9 MPH)
Angelo Lira to third
Runner from 3rd tries for Home, SAFE, no throw by RF
Batting: RHB Hidemitsu Matsuno 0-0: Called Strike
0-1: Ball
1-1: Swinging Strike
1-2: Ball
2-2: Ball
3-2: Strikes out swinging
Top of the 1st over - 1 run, 1 hit, 0 errors, 1 left on base; Roswell 1 - Portland 0
BOTTOM OF THE 1ST
Portland Angels batting - Pitching for Roswell Invaders : LHP Elias Reyes
Pitching: LHP Elias Reyes
Batting: RHB T.J. Gray 0-0: Ball
1-0: Called Strike
1-1: Ball
2-1: Ball
3-1: Base on Balls
Batting: RHB Alex Rosaly 0-0: Called Strike
T.J. Gray steals 2nd base
0-1: Ball
1-1: Ball
2-1: Ground out 1-3 (Groundball, 13S, EV 74.4 MPH)
T.J. Gray to third
Batting: RHB Dan Thomey 0-0: Foul Ball, location: 2F
0-1: Called Strike
0-2: Foul Ball, location: 2F
0-2: Ball
1-2: Foul Ball, location: 2F
1-2: Hit by Pitch
Batting: RHB Edward Hillock 0-0: Foul Ball, location: 2F
0-1: Swinging Strike
0-2: Ball
1-2: Ball
2-2: Strikes out looking
Batting: RHB Malachi Ephron 0-0: Ball
1-0: Fly out, F8 (Flyball, 89M, EV 97.5 MPH)
Bottom of the 1st over - 0 runs, 0 hits, 0 errors, 2 left on base; Roswell 1 - Portland 0
TOP OF THE 2ND
Roswell Invaders batting - Pitching for Portland Angels : RHP Hector Agudelo
Batting: LHB Falco van Koeveringe 0-0: Ball
1-0: Ball
2-0: Called Strike
2-1: Fly out, F6 (Popup, 6, EV 66.9 MPH)
Batting: RHB Benjie Alejandro 0-0: Ball
1-0: Called Strike
1-1: Ball
2-1: Ball
3-1: Foul Ball, location: 2F
3-2: Foul Ball, location: 2F
3-2: Strikes out looking
Batting: RHB Shing Mah 0-0: Fly out, F5 (Line Drive, 5, EV 75.6 MPH)
Top of the 2nd over - 0 runs, 0 hits, 0 errors, 0 left on base; Roswell 1 - Portland 0
BOTTOM OF THE 2ND
Portland Angels batting - Pitching for Roswell Invaders : LHP Elias Reyes
Batting: LHB Kevin Feldman 0-0: Swinging Strike
0-1: Ball
1-1: Swinging Strike
1-2: SINGLE (Groundball, 56, EV 100.6 MPH)
Batting: RHB Fernando Sosa 0-0: Ball
Pickoff Throw to First - Out! 1-3
1-0: Fly out, F4 (Popup, 4, EV 63.8 MPH)
Batting: RHB Dan Contreras 0-0: Ball
1-0: Foul Ball, location: 2F
1-1: DOUBLE (Flyball, 8LXD, EV 94.4 MPH)
Batting: LHB David Coatney 0-0: Swinging Strike
0-1: Ball
1-1: Foul Ball, location: 2F
1-2: Ball
2-2: Strikes out looking
Bottom of the 2nd over - 0 runs, 2 hits, 0 errors, 1 left on base; Roswell 1 - Portland 0
TOP OF THE 3RD
Roswell Invaders batting - Pitching for Portland Angels : RHP Hector Agudelo
Batting: RHB Dave Beerman 0-0: Foul Ball, location: 2F
0-1: Ground out 4-3 (Groundball, 4, EV 86.2 MPH)
Batting: RHB Mike Smith 0-0: Bunt missed!
0-1: Ball
1-1: Foul Ball, location: 2F
1-2: Ball
2-2: Foul Ball, location: 2F
2-2: Ball
3-2: Base on Balls
Batting: LHB Angelo Lira 0-0: Ball
1-0: Fielders Choice at 2nd, 4-6 (Groundball, 4, EV 106.9 MPH)
Batting: LHB Ivan Cortez 0-0: Ball
1-0: Swinging Strike
1-1: Called Strike
1-2: Foul Ball, location: 2F
1-2: Ball
2-2: Strikes out swinging
Top of the 3rd over - 0 runs, 0 hits, 0 errors, 1 left on base; Roswell 1 - Portland 0
BOTTOM OF THE 3RD
Portland Angels batting - Pitching for Roswell Invaders : LHP Elias Reyes
Batting: RHB T.J. Gray 0-0: Ball
1-0: Ball
2-0: Ball
3-0: Called Strike
3-1: Fly out, F7 (Flyball, 8LS, EV 86.2 MPH)
Batting: RHB Alex Rosaly 0-0: Ball
1-0: Ball
2-0: Foul Ball, location: 2F
2-1: SOLO HOME RUN (Flyball, 7LD, EV 92.5 MPH), Distance : 343 ft
Batting: RHB Dan Thomey 0-0: Ball
1-0: Ball
2-0: Called Strike
2-1: Foul Ball, location: 2F
2-2: Ball
3-2: Base on Balls
Batting: RHB Edward Hillock 0-0: Called Strike
0-1: Ball
1-1: Foul Ball, location: 2F
1-2: Ball
2-2: Fly out, F8 (Flyball, 8RM, EV 91.2 MPH)
Batting: RHB Malachi Ephron 0-0: Foul Ball, location: 2F
0-1: Ball
1-1: Ball
2-1: Ball
3-1: Swinging Strike
3-2: Base on Balls
Dan Thomey to second
Batting: LHB Kevin Feldman 0-0: Ball
1-0: Called Strike
1-1: Foul Ball, location: 2F
1-2: Foul Ball, location: 2F
1-2: Ball
2-2: Ball
3-2: Ground out 4-3 (Groundball, 4, EV 76.2 MPH)
Bottom of the 3rd over - 1 run, 1 hit, 0 errors, 2 left on base; Roswell 1 - Portland 1
TOP OF THE 4TH
Roswell Invaders batting - Pitching for Portland Angels : RHP Hector Agudelo
Batting: RHB Homer Petropoulos 0-0: Called Strike
0-1: Called Strike
0-2: Ball
1-2: Foul Ball, location: 2F
1-2: Ball
2-2: Foul Ball, location: 2F
2-2: Ball
3-2: Strikes out swinging
Batting: RHB Hidemitsu Matsuno 0-0: Ball
1-0: Ball
2-0: Called Strike
2-1: Swinging Strike
2-2: Ball
3-2: Strikes out swinging
Batting: LHB Falco van Koeveringe 0-0: Ball
1-0: Ball
2-0: Called Strike
2-1: DOUBLE (Groundball, 3L, EV 111.9 MPH)
Batting: RHB Benjie Alejandro 0-0: Ball
1-0: Fly out, F8 (Flyball, 8RM, EV 90.6 MPH)
Top of the 4th over - 0 runs, 1 hit, 0 errors, 1 left on base; Roswell 1 - Portland 1
BOTTOM OF THE 4TH
Portland Angels batting - Pitching for Roswell Invaders : LHP Elias Reyes
Batting: RHB Fernando Sosa 0-0: Called Strike
0-1: Ball
1-1: Ground out 3-1 (Groundball, 34S, EV 84.4 MPH)
Batting: RHB Dan Contreras 0-0: Ball
1-0: Ball
2-0: Ball
3-0: Called Strike
3-1: Called Strike
3-2: Foul Ball, location: 2F
3-2: Base on Balls
Batting: LHB David Coatney 0-0: Swinging Strike
0-1: Fly out, F8 (Flyball, 78XD, EV 106.2 MPH)
Batting: RHB T.J. Gray 0-0: Called Strike
0-1: Ball
1-1: SINGLE (Line Drive, 89S, EV 108.1 MPH)
Dan Contreras to second
Throwing error, E8
Dan Contreras scores
T.J. Gray to second
Batting: RHB Alex Rosaly 0-0: Called Strike
T.J. Gray steals 3rd base
0-1: Swinging Strike
0-2: Foul Ball, location: 2F
0-2: Ball
1-2: Ball
2-2: Fly out, F8 (Flyball, 8LD, EV 94.4 MPH)
Bottom of the 4th over - 1 run, 1 hit, 1 error, 1 left on base; Roswell 1 - Portland 2
TOP OF THE 5TH
Roswell Invaders batting - Pitching for Portland Angels : RHP Hector Agudelo
Batting: RHB Shing Mah 0-0: Foul Ball, location: 2F
0-1: Ball
1-1: Swinging Strike
1-2: SINGLE (Line Drive, 7S, EV 98.8 MPH)
Pitching: LHP Berry Caron
Batting: RHB Dave Beerman 0-0: Foul Ball, location: 2F
0-1: Ball
1-1: Foul Ball, location: 2F
1-2: Strikes out swinging
Batting: RHB Mike Smith 0-0: Ball
1-0: Swinging Strike
1-1: Swinging Strike
1-2: Ball
2-2: Foul Ball, location: 2F
2-2: Strikes out looking
Batting: LHB Angelo Lira 0-0: Ground out U3 (Groundball, 3S, EV 65.6 MPH)
Top of the 5th over - 0 runs, 1 hit, 0 errors, 1 left on base; Roswell 1 - Portland 2
BOTTOM OF THE 5TH
Portland Angels batting - Pitching for Roswell Invaders : LHP Elias Reyes
Batting: RHB Dan Thomey 0-0: Ball
1-0: Ball
2-0: Foul Ball, location: 2F
2-1: Foul Ball, location: 2F
2-2: Ball
3-2: Fly out, F9 (Flyball, 9, EV 83.1 MPH)
Batting: RHB Edward Hillock 0-0: Ball
1-0: Foul Ball, location: 2F
1-1: Ball
2-1: Foul Ball, location: 2F
2-2: Foul Ball, location: 2F
2-2: Strikes out swinging
Batting: RHB Malachi Ephron 0-0: Ball
1-0: Called Strike
1-1: Foul Ball, location: 2F
1-2: Foul Ball, location: 2F
1-2: Ball
2-2: Strikes out swinging
Bottom of the 5th over - 0 runs, 0 hits, 0 errors, 0 left on base; Roswell 1 - Portland 2
TOP OF THE 6TH
Roswell Invaders batting - Pitching for Portland Angels : LHP Berry Caron
Batting: LHB Ivan Cortez 0-0: Ball
1-0: Ball
2-0: Ball
3-0: Called Strike
3-1: Foul Ball, location: 2F
3-2: SOLO HOME RUN (Flyball, 89XD, EV 99.4 MPH), Distance : 378 ft
Batting: RHB Homer Petropoulos 0-0: Ball
1-0: Called Strike
1-1: Foul Ball, location: 2F
1-2: Strikes out swinging
Batting: RHB Hidemitsu Matsuno 0-0: Ball
1-0: Ball
2-0: Ball
3-0: Called Strike
3-1: Swinging Strike
3-2: Strikes out swinging
Batting: LHB Falco van Koeveringe 0-0: Swinging Strike
0-1: Foul Ball, location: 2F
0-2: SOLO HOME RUN (Flyball, 9LD, EV 93.8 MPH), Distance : 339 ft
Batting: RHB Benjie Alejandro 0-0: Called Strike
0-1: Swinging Strike
0-2: Ball
1-2: Fly out, F8 (Line Drive, 8LM, EV 96.2 MPH)
Top of the 6th over - 2 runs, 2 hits, 0 errors, 0 left on base; Roswell 3 - Portland 2
BOTTOM OF THE 6TH
Portland Angels batting - Pitching for Roswell Invaders : LHP Elias Reyes
Pitching: LHP Josh Hubbard
Batting: LHB Kevin Feldman 0-0: Ball
1-0: Swinging Strike
1-1: Foul Ball, location: 2F
1-2: Strikes out swinging
Batting: RHB Fernando Sosa 0-0: SINGLE (Line Drive, 34D, EV 96.2 MPH)
Batting: RHB Dan Contreras 0-0: Fly out, F9 (Flyball, 9S, EV 86.9 MPH)
Batting: LHB David Coatney 0-0: Foul Ball, location: 2F
0-1: Ball
1-1: Swinging Strike
1-2: Strikes out looking
Bottom of the 6th over - 0 runs, 1 hit, 0 errors, 1 left on base; Roswell 3 - Portland 2
TOP OF THE 7TH
Roswell Invaders batting - Pitching for Portland Angels : LHP Berry Caron
Batting: RHB Shing Mah 0-0: Foul Ball, location: 2F
0-1: Ball
1-1: Called Strike
1-2: Ball
2-2: Strikes out swinging
Batting: RHB Dave Beerman 0-0: Ball
1-0: Ball
2-0: Called Strike
2-1: Ball
3-1: Base on Balls
Batting: RHB Mike Smith 0-0: Ball
1-0: Ball
2-0: Ball
3-0: Base on Balls
Dave Beerman to second
Batting: LHB Angelo Lira 0-0: Ball
1-0: Foul Ball, location: 2F
1-1: Ball
2-1: Foul Ball, location: 2F
2-2: Ball
3-2: Base on Balls
Dave Beerman to third
Mike Smith to second
Pitching: RHP Jim Sawicki
Batting: LHB Ivan Cortez 0-0: Foul Ball, location: 2F
0-1: Ball
1-1: Swinging Strike
1-2: Foul Ball, location: 2F
1-2: Ball
2-2: GRAND SLAM HOME RUN (Flyball, 89XD, EV 103.1 MPH), Distance : 412 ft
Batting: RHB Homer Petropoulos 0-0: Fly out, F4 (Popup, 4M, EV 51.9 MPH)
Batting: RHB Hidemitsu Matsuno 0-0: SOLO HOME RUN (Flyball, 9D, EV 92.5 MPH), Distance : 343 ft
Batting: LHB Falco van Koeveringe 0-0: Ball
1-0: Ground out U3 (Groundball, 3, EV 88.1 MPH)
Top of the 7th over - 5 runs, 2 hits, 0 errors, 0 left on base; Roswell 8 - Portland 2
BOTTOM OF THE 7TH
Portland Angels batting - Pitching for Roswell Invaders : LHP Josh Hubbard
Batting: RHB T.J. Gray 0-0: Ball
1-0: Called Strike
1-1: Ball
2-1: Foul Ball, location: 2F
2-2: Ball
3-2: Base on Balls
Batting: RHB Alex Rosaly 0-0: Foul Ball, location: 2F
0-1: Ball
1-1: Ball
2-1: Foul Ball, location: 2F
2-2: Strikes out swinging
Batting: RHB Dan Thomey 0-0: Ball
1-0: Called Strike
1-1: Ball
2-1: Ball
T.J. Gray steals 2nd base (no throw)
3-1: Base on Balls
Batting: RHB Edward Hillock 0-0: Ball
1-0: Ball
2-0: Called Strike
2-1: Foul Ball, location: 2F
2-2: Ball
3-2: Fielders Choice at 2nd, 6-4 (Groundball, 56, EV 115.6 MPH)
T.J. Gray to third
Batting: RHB Malachi Ephron 0-0: Foul Ball, location: 2F
0-1: Foul Ball, location: 2F
0-2: Foul Ball, location: 2F
0-2: Ball
1-2: Ball
2-2: Ball
3-2: Foul Ball, location: 2F
3-2: Foul Ball, location: 2F
3-2: Foul Ball, location: 2F
3-2: Ground out 4-3 (Groundball, 4, EV 89.4 MPH)
Bottom of the 7th over - 0 runs, 0 hits, 0 errors, 2 left on base; Roswell 8 - Portland 2
TOP OF THE 8TH
Roswell Invaders batting - Pitching for Portland Angels : RHP Jim Sawicki
Batting: RHB Benjie Alejandro 0-0: Swinging Strike
0-1: Ball
1-1: Ball
2-1: Swinging Strike
2-2: Fly out, F9 (Flyball, 9, EV 91.9 MPH)
Batting: RHB Shing Mah 0-0: Swinging Strike
0-1: Hit by Pitch
Batting: RHB Dave Beerman 0-0: Ball
1-0: Foul Ball, location: 2F
1-1: Ball
2-1: Foul Ball, location: 2F
2-2: Foul Ball, location: 2F
2-2: Strikes out swinging
Batting: RHB Mike Smith 0-0: Ball
1-0: Ball
2-0: Foul Ball, location: 2F
2-1: Foul Ball, location: 2F
2-2: Strikes out looking
Top of the 8th over - 0 runs, 0 hits, 0 errors, 1 left on base; Roswell 8 - Portland 2
BOTTOM OF THE 8TH
Portland Angels batting - Pitching for Roswell Invaders : LHP Josh Hubbard
Batting: LHB Kevin Feldman 0-0: Called Strike
0-1: Called Strike
0-2: Strikes out looking
Batting: RHB Fernando Sosa 0-0: Ball
1-0: Foul Ball, location: 2F
1-1: Called Strike
1-2: Strikes out swinging
Batting: RHB Dan Contreras 0-0: Called Strike
0-1: SINGLE (Line Drive, 8RS, EV 99.4 MPH)
Pitching: LHP Jeff Haight
Batting: LHB David Coatney 0-0: Ball
1-0: Ball
2-0: Foul Ball, location: 2F
2-1: Called Strike
2-2: Foul Ball, location: 2F
2-2: Foul Ball, location: 2F
2-2: Foul Ball, location: 2F
2-2: Strikes out swinging
Bottom of the 8th over - 0 runs, 1 hit, 0 errors, 1 left on base; Roswell 8 - Portland 2
TOP OF THE 9TH
Roswell Invaders batting - Pitching for Portland Angels : RHP Jim Sawicki
Batting: LHB Angelo Lira 0-0: Ball
1-0: Ball
2-0: Called Strike
2-1: Foul Ball, location: 2F
2-2: Foul Ball, location: 2F
2-2: Foul Ball, location: 2F
2-2: Strikes out swinging
Batting: LHB Ivan Cortez 0-0: Ball
1-0: Ball
2-0: Called Strike
2-1: Ball
3-1: Foul Ball, location: 2F
3-2: Base on Balls
Pitching: RHP Austin Reitz
Batting: RHB Homer Petropoulos 0-0: Ball
1-0: Ball
2-0: Foul Ball, location: 2F
2-1: Ball
3-1: Fly out, F8 (Flyball, 78D, EV 91.2 MPH)
Batting: RHB Hidemitsu Matsuno 0-0: Ball
1-0: Called Strike
1-1: Foul Ball, location: 2F
1-2: Foul Ball, location: 2F
1-2: Fly out, F7 (Flyball, 78M, EV 91.2 MPH)
Top of the 9th over - 0 runs, 0 hits, 0 errors, 1 left on base; Roswell 8 - Portland 2
BOTTOM OF THE 9TH
Portland Angels batting - Pitching for Roswell Invaders : LHP Jeff Haight
Pitching: LHP Henry Jesso
Batting: RHB T.J. Gray 0-0: Foul Ball, location: 2F
0-1: Ball
1-1: Swinging Strike
1-2: SOLO HOME RUN (Flyball, 7LD, EV 88.8 MPH), Distance : 337 ft
Batting: RHB Alex Rosaly 0-0: Called Strike
0-1: Ball
1-1: Called Strike
1-2: Strikes out looking
Batting: RHB Dan Thomey 0-0: Ball
1-0: Swinging Strike
1-1: Swinging Strike
1-2: Foul Ball, location: 2F
1-2: Ball
2-2: Ball
3-2: Base on Balls
Batting: RHB Edward Hillock 0-0: Ball
1-0: Ball
Wild Pitch!
Dan Thomey to second
2-0: Called Strike
2-1: 2-RUN HOME RUN (Flyball, 78XD, EV 103.8 MPH), Distance : 402 ft
Pitching: RHP John Meyer
Batting: RHB Malachi Ephron 0-0: Ball
1-0: SOLO HOME RUN (Flyball, 78XD, EV 108.1 MPH), Distance : 410 ft
Batting: LHB Kevin Feldman 0-0: Ball
1-0: Ball
2-0: Called Strike
2-1: Fly out, F8 (Flyball, 8RD, EV 98.8 MPH)
Batting: RHB Fernando Sosa 0-0: Ball
1-0: Ground out 6-3 (Groundball, 6, EV 104.4 MPH)
Bottom of the 9th over - 4 runs, 3 hits, 0 errors, 0 left on base; Roswell 8 - Portland 6
Thursday, December 15th , 2022 - OOTP Baseball 23.9 Build 102